 Dungeon Crawl Stone Soup version 0.30-a0-377-g5cb311bc9f (webtiles) character file.

Game seed: 1424567568621458478

1729 retardedninja the Shield-Bearer (level 9, -2/68 HPs)
             Began as a Formicid Fighter on Nov 30, 2022.
             Slain by a steam dragon (7 damage)
             ... on level 6 of the Dungeon.
             The game lasted 00:07:30 (6377 turns).

retardedninja the Shield-Bearer (Formicid Fighter)  Turns: 6377, Time: 00:07:30

Health: -2/68      AC:  8    Str: 25    XL:     9   Next: 25%
Magic:  12/12      EV:  9    Int:  8    God:
Gold:   339        SH:  5    Dex: 13    Spells: 8/8 levels left

rFire   . . .      SeeInvis +    a - +0 war axe (flame)
rCold   . . .      Faith    .    c - +0 buckler
rNeg    . . .      Spirit   .    b - +0 scale mail
rPois   .          Reflect  .    (helmet unavailable)
rElec   .          Harm     .    q - +0 cloak
rCorr   .          Rampage  .    (no gloves)
Will    .....                    (no boots)
Stlth   +.........               (no amulet)
HPRegen 0.31/turn                (no ring)
MPRegen 0.13/turn                (no ring)

@: lethally poisoned (-2 -> -11)
A: permanent stasis, dig shafts and tunnels, antennae 3, four strong arms
a: Dig, Shaft Self


You were on level 6 of the Dungeon.
You visited 1 branch of the dungeon, and saw 6 of its levels.

You collected 339 gold pieces.

Inventory:

Hand Weapons
 a - a +0 war axe of flaming (weapon)
Armour
 b - a +0 scale mail (worn)
 c - a +0 buckler (worn)
 q - a +0 cloak (worn)
Jewellery
 g - an amulet of magic regeneration
 t - a ring of resist corrosion
 v - an amulet of regeneration
 x - an amulet of the acrobat
Wands
 o - a wand of roots (7)
Scrolls
 e - 3 scrolls of teleportation
 f - a scroll of butterflies
 j - a scroll of immolation
 k - 2 scrolls of identify
 m - a scroll of blinking
 p - a scroll of poison
 w - a scroll of torment
 y - a scroll of brand weapon
Potions
 l - 2 potions of haste
 n - a potion of lignification {unknown}
 r - a potion of cancellation
 s - 2 potions of attraction
 u - a potion of resistance
 z - a potion of ambrosia


   Skills:
 + Level 5.4 Fighting
 * Level 6.0 Axes
 + Level 3.6 Throwing
 + Level 5.4 Armour
 + Level 4.8 Stealth
 + Level 6.5 Shields
 + Level 4.5 Invocations


You had 8 spell levels left.
You didn't know any spells.
Your spell library contained the following spells:

 Spells                   Type           Power      Damage    Failure   Level
 Cigotuvi's Dreadful Rot  Necr/Pois/Air  0%         N/A       87%         2
 Momentum Strike          Conj/Tloc      0%         3d8       87%         2
 Poisonous Vapours        Pois/Air       0%         N/A       87%         2
 Lesser Beckoning         Tloc           0%         N/A       98%         3
 Mephitic Cloud           Conj/Pois/Air  0%         N/A       98%         3
 Manifold Assault         Tloc           0%         N/A       100%        4
 Storm Form               Tmut/Air       0%         N/A       100%        7
 Blink                    Tloc           Unusable   N/A       N/A         2

Dungeon Overview and Level Annotations

Branches:
Dungeon (6/15)
 Temple: D:4-7

Altars:
Qazlal
Trog


Innate Abilities, Weirdness & Mutations

You cannot be hasted, slowed, berserked, paralysed or teleported.
You can dig through walls and to a lower floor.
You have a pair of large antennae on your head. (SInv)
Your four strong arms can wield two-handed weapons with a shield.


Message History

The steam dragon claws you.
Unknown command.
You hit the steam dragon. You burn the steam dragon.
The steam dragon is moderately wounded.
You closely miss the orc. The orc hits you but does no damage.
The steam dragon bites you!
The steam dragon claws you but does no damage.
The orc priest invokes the aid of Beogh against you.
Beogh smites you! The steam dragon bites you. The steam dragon claws you.
You block the orc's attack.
You are too injured to fight recklessly!
Unknown command.
You are too injured to fight recklessly!
You closely miss the steam dragon.
The steam dragon is moderately wounded.
You slash the orc! You burn the orc.
You kill the orc!
The steam dragon bites you!
* * * LOW HITPOINT WARNING * * *
The steam dragon claws you but does no damage.
The water moccasin bites you.
* * * LOW HITPOINT WARNING * * *
You feel better. You block the water moccasin's attack.
The steam dragon bites you.
* * * LOW HITPOINT WARNING * * *
The steam dragon claws you.
* * * LOW HITPOINT WARNING * * *
You feel better. You block the water moccasin's attack.
The steam dragon bites you but does no damage.
The steam dragon claws you.
* * * LOW HITPOINT WARNING * * *
The water moccasin closely misses you.
You closely miss the steam dragon.
The steam dragon is moderately wounded.
You slash the water moccasin! You burn the water moccasin.
The water moccasin bites you.
* * * LOW HITPOINT WARNING * * *
You are lethally poisoned!
The water moccasin poisons you! The steam dragon bites you!
You die...

# #.....#
#.##.###.####
............#
#.##.###.##.#
### .
#<###.##.####.##
#.....##....)..#
#############.##
........#
.#####)@# #DS#
♣oY# { .♣.#
≈.♣.. ..§♣..
.≈§≈♣.. _.§.
♣...


You could see a steam dragon, a water moccasin, an ice beast and an orc priest.

Vanquished Creatures
  Sigmund (D:5)
  The ghost of retardedninja the Trooper, an amateur HOFi (D:4)
  3 yaks (D:5)
  A water moccasin (D:4)
  A phantom (D:4)
  A kobold brigand (D:4)
  A bullfrog (D:4)
  3 necrophages
  A hound (D:3)
  A jelly (D:4)
  A gnoll bouda (D:6)
  5 iguanas
  2 orc wizards
  8 gnolls
  6 adders
  An ufetubus (D:5)
  A worm (D:3)
  10 orcs
  7 ball pythons
  7 bats
  4 endoplasms
  9 giant cockroaches
  6 goblins
  4 hobgoblins
  4 jackals
  4 kobolds
  4 quokkas
  4 frilled lizards
  8 rats
109 creatures vanquished.

Notes
Turn   | Place    | Note
-------+----------+-------------------------------------------
     0 | D:1      | retardedninja the Formicid Fighter began the quest for the
                  | Orb.
     0 | D:1      | Reached XP level 1. HP: 18/18 MP: 1/1
   119 | D:1      | Reached XP level 2. HP: 24/24 MP: 2/2
   878 | D:2      | Reached XP level 3. HP: 26/29 MP: 3/3
  1773 | D:2      | Found a stormy altar of Qazlal.
  1912 | D:2      | Reached skill level 1 in Stealth
  1912 | D:2      | Reached XP level 4. HP: 36/36 MP: 4/4
  2018 | D:3      | Reached skill level 1 in Invocations
  2120 | D:3      | Reached XP level 5. HP: 35/42 MP: 5/5
  2467 | D:3      | Found a stormy altar of Qazlal.
  2651 | D:3      | Reached skill level 1 in Throwing
  3008 | D:4      | Found a runed translucent door.
  3010 | D:4      | Noticed a bullfrog
  3011 | D:4      | Noticed retardedninja's ghost (amateur HOFi)
  3017 | D:4      | Noticed a phantom
  3025 | D:4      | Killed a phantom
  3026 | D:4      | Reached XP level 6. HP: 47/48 MP: 7/7
  3103 | D:4      | Reached skill level 5 in Shields
  4013 | D:4      | Noticed a water moccasin
  4018 | D:4      | Reached XP level 7. HP: 44/54 MP: 8/8
  4038 | D:4      | Killed a water moccasin
  4639 | D:4      | Killed retardedninja's ghost
  4640 | D:4      | Reached XP level 8. HP: 8/61 MP: 10/10
  5048 | D:5      | Entered Level 5 of the Dungeon
  5259 | D:5      | Reached skill level 5 in Axes
  5261 | D:5      | Noticed Sigmund
  5269 | D:5      | Killed Sigmund
  5270 | D:5      | Reached skill level 5 in Fighting
  5557 | D:5      | Noticed a yak
  5558 | D:5      | Noticed a yak
  5561 | D:5      | Noticed a yak
  5569 | D:5      | Killed a yak
  5570 | D:5      | Reached skill level 5 in Armour
  5572 | D:5      | Killed a yak
  5573 | D:5      | Reached XP level 9. HP: 28/68 MP: 10/12
  6364 | D:6      | Found a bloodstained altar of Trog.
  6377 | D:6      | Slain by a steam dragon

Illustrated notes

Levels and vault maps discovered:
D:1:      dpeg_arrival_court, layout_basic
D:2:      layout_loops_ring, basic_altar, minmay_split_cup_large
D:3:      minmay_roachtagon, layout_basic, mainiacjoe_overflow_brackets,
          chequers_mini_garden
D:4:      minmay_door_path, layout_loops_ring, ebering_ghost_sewer_d,
          grunt_ministairs_3
D:5:      layout_basic, kennysheep_decorative_pillar, uniq_sigmund
D:6:      layout_loops_cross, mainiacjoe_overflow_paths, portal_sewer_entry_a,
          uniq_edmund

Skill      XL: |  1  2  3  4  5  6  7  8  9 |
---------------+----------------------------+-----
Stealth        | 1 2 3 4 |  4.8
Invocations    | 1 2 3 4 |  4.5
Axes           | 3 4 5 6 |  6.0
Throwing       | 1 2 3 |  3.6
Fighting       | 4 5 |  5.4
Armour         | 4 5 |  5.4
Shields        | 5 6 |  6.5

Action                   |  1- 3 |  4- 6 |  7- 9 || total
-------------------------+-------+-------+-------++-------
Melee: War axe           |    88 |   158 |   122 ||   368
  Use: Potion            |       |     1 |     8 ||     9
       Scroll            |       |       |    15 ||    15
 Stab: Invisible         |       |       |     4 ||     4
Armor: Scale mail        |    32 |    82 |    54 ||   168
Dodge: Dodged            |    35 |    96 |    68 ||   199
Block: Buckler           |    26 |    37 |    41 ||   104

Table legend: (Time is in decaauts)
 A = Elapsed time spent in this place.
 B = Non-inter-level travel time spent in this place.
 C = Inter-level travel time spent in this place.
 D = Time resting spent in this place.
 E = Time spent auto-exploring this place.
 F = Levels seen in this place.
 G = Mean time per level.
                   A        B        C        D        E       F      G
               +--------+--------+--------+--------+--------+-----+--------+
         Total |   6507 |   6302 |    205 |   1865 |   3443 |   6 | 1084.5 |
       Dungeon |   6507 |   6302 |    205 |   1865 |   3443 |   6 | 1084.5 |
               +--------+--------+--------+--------+--------+-----+--------+

Top non-repeatable levels by time:
     D:4: 2163 daAuts
     D:5: 1309 daAuts
     D:2: 1132 daAuts
     D:3: 999 daAuts
     D:1: 864 daAuts
     D:6: 39 daAuts
